Map: 瑟拉斯废墟

Players

Quail - Winner!

  • Race: Zerg Zerg
  • League: Diamond

电脑难度(艰难)

  • Race: Protoss Protoss

VOD

Have the link to the VOD?

Description

Time

  • Played on: Dec. 4, 2015, 7:50 a.m.
  • Length: 10:00
Show
View Real Time Build Order
Export as new Build Order

Quail Zerg - Winner!

Build Orders: Hatch First 

Get SALT Encoding   

  12  0:01  Drone  
  13  0:08  Drone  
  14  0:17  Overlord  
  14  0:22  Extractor  
  14  0:23  Drone  
  15  0:36  Drone x2  
  17  0:54  Hatchery  
  16  0:57  Drone  
  16  1:00  Drone  
  18  1:14  Spawning Pool  
  18  1:18  Drone  
  18  1:25  Drone, Extractor  
  18  1:30  Drone  
  19  1:37  Drone  
  20  1:49  Overlord  
  20  2:01  Queen  
  20  2:07  Drone x2  
  20  2:08  Queen  
  24  2:15  Zergling x2  
  27  2:21  Drone x2  
  29  2:25  Metabolic Boost  
  29  2:39  Zergling x2  
  29  2:40  Hatchery  
  29  2:44  Drone x2  
  29  2:48  Drone  
  32  2:51  Zergling x2  
  32  2:54  Zergling x2  
  34  3:02  Overlord  
  34  3:03  Extractor  
  33  3:06  Drone  
  33  3:11  Drone  
  35  3:17  Roach Warren  
  35  3:18  Overlord  
  34  3:20  Drone  
  34  3:26  Drone x2  
  37  3:32  Queen  
  39  3:46  Spore Crawler  
  38  3:49  Drone x3  
  38  3:50  Drone x3  
  43  3:57  Roach  
  43  3:58  Roach  
  43  4:02  Queen  
  49  4:13  Overlord x2  
  49  4:21  Roach, Extractor  
  50  4:25  Lair  
  50  4:32  Drone  
  50  4:38  Queen  
  51  4:44  Drone x4  
  57  4:49  Ravager x3  
  57  4:50  Roach  
  57  4:51  Roach x2  
  66  4:55  Overlord  
  66  5:05  Overlord  
  66  5:06  Overlord  
  66  5:14  Evolution Chamber  
  66  5:17  Drone x4  
  66  5:18  Drone x2  
  71  5:23  Spore Crawler  
  71  5:26  Roach x2  
  74  5:32  Hydralisk Den  
  73  5:35  Drone  
  73  5:36  Drone x2  
  73  5:38  Drone  
  77  5:48  Drone  
  77  5:49  Drone x5  
  83  5:59  Roach x3  
  83  6:03  Zerg Ground Armor Level 1  
  89  6:04  Glial Reconstitution  
  89  6:10  Roach  
  90  6:14  Overlord x2  
  90  6:19  Extractor  
  90  6:20  Spore Crawler, Extractor  
  90  6:21  Drone x2  
  90  6:22  Drone  
  88  6:39  Roach x2  
  92  6:40  Roach x3  
  92  6:41  Overlord x2  
  92  6:42  Ravager  
  95  6:51  Roach x5  
  105  6:55  Lurker Den  
  105  6:57  Drone  
  105  6:59  Drone  
  107  7:03  Roach x2  
  107  7:04  Overlord, Roach  
  113  7:17  Ravager x2  
  113  7:20  Drone x2  
  113  7:21  Drone x2  
  119  7:27  Drone x4  
  119  7:29  Drone x4  
  127  7:31  Overlord  
  127  7:32  Ravager  
  127  7:33  Hydralisk  
  130  7:48  Overlord  
  130  7:49  Overlord  
  130  7:51  Overlord x2  
  130  7:52  Hydralisk  
  130  7:55  Hatchery  
  131  8:02  Ravager  
  132  8:12  Hydralisk x5  
  124  8:14  Hydralisk  
  124  8:18  Hydralisk  
  124  8:19  Hydralisk  
  134  8:21  Overlord x2  
  134  8:31  Hydralisk x3  
  140  8:37  Lurker  
  140  8:39  Drone x4  
  145  8:54  Hydralisk x4  
  153  9:07  Drone x5, Overlord  
  153  9:08  Overlord  
  158  9:11  Hydralisk x5  
  164  9:22  Hydralisk x3  
  170  9:26  Drone  
  168  9:31  Extractor  
  168  9:34  Roach x6  
  168  9:35  Extractor  
  178  9:45  Extractor  
Show
View Real Time Build Order
Export as new Build Order

电脑难度(艰难) Protoss 

Build Orders:  

Get SALT Encoding   

  12  0:01  Probe (Chrono Boost)  
  13  0:11  Probe (Chrono Boost)  
  14  0:20  Pylon  
  14  0:22  Probe (Chrono Boost)  
  15  0:38  Probe (Chrono Boost)  
  15  0:39  Gateway  
  16  0:48  Probe (Chrono Boost), Assimilator  
  17  0:59  Probe (Chrono Boost)  
  17  1:02  Pylon  
  18  1:10  Probe (Chrono Boost)  
  19  1:24  Probe (Chrono Boost), Zealot  
  20  1:29  Cybernetics Core  
  22  1:45  Gateway  
  22  1:49  Assimilator  
  22  2:02  Stalker  
  22  2:08  Pylon  
  24  2:21  Warp Gate  
  24  2:31  Stalker  
  24  2:35  Zealot  
  28  2:48  Pylon  
  28  3:00  Zealot  
  28  3:04  Stalker  
  32  3:25  Stalker  
  32  3:32  Stalker  
  36  3:46  Pylon  
  37  3:49  Probe (Chrono Boost)  
  37  3:55  Adept  
  39  4:01  Probe (Chrono Boost)  
  39  4:02  Stalker  
  42  4:10  Forge  
  42  4:12  Probe (Chrono Boost)  
  43  4:24  Probe (Chrono Boost)  
  44  4:28  Pylon  
  44  4:30  Adept  
  46  4:35  Probe (Chrono Boost)  
  47  4:40  Stalker  
  50  4:46  Probe (Chrono Boost)  
  50  5:49  Protoss Ground Weapons Level 1  
  50  5:53  Sentry  
  50  5:56  Gateway  
  52  5:58  Robotics Facility  
  52  6:00  Twilight Council, Zealot  
  52  6:01  Nexus  
  52  6:03  Photon Cannon  
  54  6:07  Photon Cannon  
  54  6:15  Stalker  
  56  6:23  Sentry  
  58  6:32  Blink  
  48  6:41  Pylon  
  48  6:42  Zealot  
  40  6:47  Observer  
  40  6:51  Stalker  
  41  6:59  Stalker  
  43  7:06  Adept  
  43  7:07  Observer  
  46  7:14  Zealot  
  49  7:16  Probe (Chrono Boost)  
  49  7:21  Probe (Chrono Boost)  
  50  7:28  Probe (Chrono Boost)  
  51  7:32  Probe (Chrono Boost)  
  51  7:36  Zealot, Protoss Ground Armor Level 1  
  54  7:39  Probe (Chrono Boost)  
  54  7:44  Probe (Chrono Boost)  
  56  7:46  Stalker  
  56  7:51  Probe (Chrono Boost)  
  59  7:54  Stalker  
  59  7:56  Probe (Chrono Boost)  
  62  8:03  Probe (Chrono Boost)  
  62  8:04  Stalker  
  65  8:07  Probe (Chrono Boost)  
  65  8:12  Zealot  
  62  8:14  Probe (Chrono Boost)  
  62  8:19  Probe (Chrono Boost), Zealot  
  44  8:27  Stalker  
  44  8:32  Stalker  
  42  8:35  Mothership Core (Chrono Boost)  
  42  8:38  Stalker  
  38  8:48  Stalker  
  25  9:21  Stalker, Zealot  
  25  9:23  Mothership Core (Chrono Boost)  
  16  9:58  Pylon  
Tags
 
Add a new tag
Caveats
  • Supply blocks, unpowered buildings, or Contaminate may cause inaccurate times.
  • Supply counts are checked every 10 seconds.